TOP OF THE 1ST |
Lowell Spinners batting - Pitching for Aberdeen Ironbirds : RHP Mark Lloyd
|
Pitching: RHP Mark Lloyd
|
|
Batting: LHB Eric Gaugler
|
0-0: Ball 1-0: Ball 2-0: Foul Ball, location: 2F 2-1: Ball 3-1: Base on Balls
|
Batting: LHB Kevin Rolison
|
0-0: Called Strike Eric Gaugler is caught stealing 2nd base 2-6 0-1: Ball 1-1: Ball 2-1: SINGLE (Groundball, 4M, EV 101.9 MPH) (infield hit)
|
Batting: LHB Danny Montoya
|
0-0: Ball 1-0: Grounds into double play, 4-6-3 (Groundball, 34, EV 84.4 MPH)
|
Top of the 1st over - 0 runs, 1 hit, 0 errors, 0 left on base; Lowell 0 - Aberdeen 0 |
BOTTOM OF THE 1ST |
Aberdeen Ironbirds batting - Pitching for Lowell Spinners : RHP Nherbert Silivan
|
Pitching: RHP Nherbert Silivan
|
|
Batting: RHB Ryan Bentz
|
0-0: Foul Ball, location: 2F 0-1: Foul Ball, location: 2F 0-2: Strikes out swinging
|
Batting: LHB Chris Barrera
|
0-0: Ball 1-0: Ball 2-0: Ball 3-0: Called Strike 3-1: Base on Balls
|
Batting: LHB Jeremy Nuzzo
|
0-0: Ball 1-0: Fielders Choice at 2nd, 3-6 (Groundball, 3, EV 83.1 MPH)
|
Batting: RHB Graham Calvert
|
0-0: Called Strike 0-1: Ball 1-1: Fly out, F3 (Popup, 3SF, EV 67.5 MPH)
|
Bottom of the 1st over - 0 runs, 0 hits, 0 errors, 1 left on base; Lowell 0 - Aberdeen 0 |
TOP OF THE 2ND |
Lowell Spinners batting - Pitching for Aberdeen Ironbirds : RHP Mark Lloyd
|
Batting: LHB Javier Cajina
|
0-0: Ball 1-0: Foul Ball, location: 2F 1-1: Ball 2-1: Foul Ball, location: 2F 2-2: SINGLE (Line Drive, 8RS, EV 103.8 MPH)
|
Batting: RHB Willie Camacho
|
0-0: Ball 1-0: Ball Javier Cajina steals 2nd base 2-0: Called Strike 2-1: Foul Ball, location: 2F 2-2: Ball 3-2: Strikes out looking and he ARGUES THE CALL AND IS TOSSED!
|
Batting: LHB Mike Hutcheson
|
0-0: Called Strike 0-1: Ball 1-1: SINGLE (Line Drive, 34D, EV 94.4 MPH) Javier Cajina to third Runner from 3rd tries for Home, SAFE, throw by RF to home
|
Batting: RHB Curt Stallings
|
0-0: Swinging Strike 0-1: Called Strike 0-2: Ball 1-2: Strikes out swinging
|
Batting: RHB Rogelio Cervantes
|
0-0: Foul Ball, location: 2F 0-1: Ball 1-1: Fly out, F9 (Flyball, 89D, EV 86.2 MPH)
|
Top of the 2nd over - 1 run, 2 hits, 0 errors, 1 left on base; Lowell 1 - Aberdeen 0 |
BOTTOM OF THE 2ND |
Aberdeen Ironbirds batting - Pitching for Lowell Spinners : RHP Nherbert Silivan
|
Now at 2B: Mike Rosa
|
|
Batting: RHB Johnny Lowe
|
0-0: Ball 1-0: Foul Ball, location: 2F 1-1: Ground out 5-3 (Groundball, 5S, EV 85.0 MPH)
|
Batting: RHB Chris McGuirk
|
0-0: Fly out, F6 (Line Drive, 6, EV 74.4 MPH)
|
Batting: LHB Danny Schultz
|
0-0: Ground out 5-3 (Groundball, 5, EV 86.9 MPH)
|
Bottom of the 2nd over - 0 runs, 0 hits, 0 errors, 0 left on base; Lowell 1 - Aberdeen 0 |
TOP OF THE 3RD |
Lowell Spinners batting - Pitching for Aberdeen Ironbirds : RHP Mark Lloyd
|
Batting: RHB Roger Mitchell
|
0-0: Ball 1-0: Fly out, F8 (Flyball, 8RD, EV 101.2 MPH)
|
Batting: LHB Eric Gaugler
|
0-0: Ball 1-0: Called Strike 1-1: Swinging Strike 1-2: Ball 2-2: Foul Ball, location: 2F 2-2: Ball 3-2: Strikes out swinging
|
Batting: LHB Kevin Rolison
|
0-0: Ball 1-0: Ball 2-0: Foul Ball, location: 2F 2-1: Ground out U3 (Groundball, 3S, EV 81.2 MPH)
|
Top of the 3rd over - 0 runs, 0 hits, 0 errors, 0 left on base; Lowell 1 - Aberdeen 0 |
BOTTOM OF THE 3RD |
Aberdeen Ironbirds batting - Pitching for Lowell Spinners : RHP Nherbert Silivan
|
Batting: RHB Heihachiro Fujita
|
0-0: Ground out 4-3 (Groundball, 4, EV 84.4 MPH)
|
Batting: RHB Tim Cleary
|
0-0: Called Strike 0-1: Called Strike 0-2: Ball 1-2: Ball 2-2: Ball 3-2: Foul Ball, location: 2F 3-2: Base on Balls
|
Batting: RHB Ryan Bentz
|
0-0: Called Strike 0-1: Hit by Pitch Tim Cleary to second
|
Batting: LHB Chris Barrera
|
0-0: Called Strike 0-1: Ball 1-1: Ball 2-1: Swinging Strike 2-2: Foul Ball, location: 2F 2-2: Ball 3-2: Strikes out swinging
|
Batting: LHB Jeremy Nuzzo
|
0-0: Called Strike 0-1: Fly out, F7 (Flyball, 7, EV 86.9 MPH)
|
Bottom of the 3rd over - 0 runs, 0 hits, 0 errors, 2 left on base; Lowell 1 - Aberdeen 0 |
TOP OF THE 4TH |
Lowell Spinners batting - Pitching for Aberdeen Ironbirds : RHP Mark Lloyd
|
Batting: LHB Danny Montoya
|
0-0: Foul Ball, location: 2F 0-1: Ball 1-1: Ball 2-1: Fly out, F9 (Flyball, 89M, EV 78.8 MPH)
|
Batting: LHB Javier Cajina
|
0-0: Called Strike 0-1: Called Strike 0-2: Hit by Pitch
|
Batting: RHB Mike Rosa
|
0-0: Ball Javier Cajina is caught stealing 2nd base 2-4 1-0: Called Strike 1-1: Ball 2-1: Ball 3-1: Base on Balls
|
Batting: LHB Mike Hutcheson
|
0-0: Ball 1-0: Ball 2-0: Foul Ball, location: 2F 2-1: Ball 3-1: Base on Balls Mike Rosa to second
|
Batting: RHB Curt Stallings
|
0-0: Ball 1-0: Called Strike 1-1: Ground out 4-3 (Groundball, 4D, EV 102.5 MPH)
|
Top of the 4th over - 0 runs, 0 hits, 0 errors, 2 left on base; Lowell 1 - Aberdeen 0 |
BOTTOM OF THE 4TH |
Aberdeen Ironbirds batting - Pitching for Lowell Spinners : RHP Nherbert Silivan
|
Batting: RHB Graham Calvert
|
0-0: Called Strike 0-1: Called Strike 0-2: Foul Ball, location: 2F 0-2: Foul Ball, location: 2F 0-2: Foul Ball, location: 2F 0-2: Ball 1-2: Ball 2-2: Ball 3-2: Base on Balls
|
Batting: RHB Johnny Lowe
|
0-0: Fly out, F9 (Line Drive, 9S, EV 90.0 MPH)
|
Batting: RHB Chris McGuirk
|
0-0: Called Strike 0-1: Called Strike 0-2: Strikes out swinging
|
Batting: LHB Danny Schultz
|
0-0: Ball 1-0: Ball 2-0: DOUBLE (Line Drive, 89D, EV 111.2 MPH) Graham Calvert to third Runner from 3rd tries for Home, SAFE, throw by CF to trailing runner, SAFE at third!
|
Batting: RHB Heihachiro Fujita
|
0-0: Foul Ball, location: 2F 0-1: Called Strike 0-2: Ball 1-2: Ball 2-2: Ball 3-2: Strikes out looking
|
Bottom of the 4th over - 1 run, 1 hit, 0 errors, 1 left on base; Lowell 1 - Aberdeen 1 |
TOP OF THE 5TH |
Lowell Spinners batting - Pitching for Aberdeen Ironbirds : RHP Mark Lloyd
|
Batting: RHB Rogelio Cervantes
|
0-0: Foul Ball, location: 2F 0-1: Ball 1-1: Foul Ball, location: 2F 1-2: Strikes out swinging
|
Batting: RHB Roger Mitchell
|
0-0: Foul Ball, location: 2F 0-1: Called Strike 0-2: Strikes out looking
|
Batting: LHB Eric Gaugler
|
0-0: Foul Ball, location: 2F 0-1: Swinging Strike 0-2: Ground out 5-3 (Groundball, 6, EV 83.1 MPH)
|
Top of the 5th over - 0 runs, 0 hits, 0 errors, 0 left on base; Lowell 1 - Aberdeen 1 |
BOTTOM OF THE 5TH |
Aberdeen Ironbirds batting - Pitching for Lowell Spinners : RHP Nherbert Silivan
|
Batting: RHB Tim Cleary
|
0-0: Ground out 1-3 (Groundball, 15S, EV 66.9 MPH)
|
Batting: RHB Ryan Bentz
|
0-0: Ball 1-0: Ground out 4-3 (Groundball, 4, EV 103.1 MPH)
|
Batting: LHB Chris Barrera
|
0-0: DOUBLE (Line Drive, 9LM, EV 97.5 MPH)
|
Batting: LHB Jeremy Nuzzo
|
0-0: Fly out, F9 (Flyball, 9, EV 89.4 MPH)
|
Bottom of the 5th over - 0 runs, 1 hit, 0 errors, 1 left on base; Lowell 1 - Aberdeen 1 |
TOP OF THE 6TH |
Lowell Spinners batting - Pitching for Aberdeen Ironbirds : RHP Mark Lloyd
|
Pitching: RHP Rich Hensley
|
|
Batting: LHB Kevin Rolison
|
0-0: Ball 1-0: Ground out 6-3 (Groundball, 56, EV 84.4 MPH)
|
Batting: LHB Danny Montoya
|
0-0: Ball 1-0: Foul Ball, location: 2F 1-1: Ball 2-1: Called Strike 2-2: Foul Ball, location: 2F 2-2: Strikes out looking
|
Batting: LHB Javier Cajina
|
0-0: Foul Ball, location: 2F 0-1: Ball 1-1: TRIPLE (Flyball, 78XD, EV 103.8 MPH)
|
Batting: RHB Mike Rosa
|
0-0: Ball 1-0: Swinging Strike 1-1: Ball 2-1: Fly out, F9 (Flyball, 9S, EV 78.1 MPH)
|
Top of the 6th over - 0 runs, 1 hit, 0 errors, 1 left on base; Lowell 1 - Aberdeen 1 |
BOTTOM OF THE 6TH |
Aberdeen Ironbirds batting - Pitching for Lowell Spinners : RHP Nherbert Silivan
|
Batting: RHB Graham Calvert
|
0-0: Ball 1-0: SINGLE (Groundball, 34D, EV 94.4 MPH)
|
Batting: RHB Johnny Lowe
|
0-0: Called Strike 0-1: Foul Ball, location: 2F 0-2: Ball 1-2: Fielders Choice at 2nd, 6-4 (Groundball, 6MS, EV 81.9 MPH)
|
Batting: RHB Chris McGuirk
|
0-0: Fly out, F4 (Popup, 4S, EV 72.5 MPH)
|
Batting: LHB Danny Schultz
|
0-0: Swinging Strike 0-1: Swinging Strike 0-2: Ball 1-2: Ball 2-2: Strikes out looking
|
Bottom of the 6th over - 0 runs, 1 hit, 0 errors, 1 left on base; Lowell 1 - Aberdeen 1 |
TOP OF THE 7TH |
Lowell Spinners batting - Pitching for Aberdeen Ironbirds : RHP Rich Hensley
|
Batting: LHB Mike Hutcheson
|
0-0: Foul Ball, location: 2F 0-1: Ball 1-1: Foul Ball, location: 2F 1-2: Foul Ball, location: 2F 1-2: Ball 2-2: Ball 3-2: Strikes out looking
|
Batting: RHB Curt Stallings
|
0-0: Foul Ball, location: 2F 0-1: Ground out 6-3 (Groundball, 6MS, EV 81.9 MPH)
|
Pinch Hitting: LHB Nelis Geurts
|
0-0: Ball 1-0: Ball 2-0: Ball 3-0: Called Strike 3-1: Ground out 6-3 (Groundball, 6M, EV 100.0 MPH)
|
Top of the 7th over - 0 runs, 0 hits, 0 errors, 0 left on base; Lowell 1 - Aberdeen 1 |
BOTTOM OF THE 7TH |
Aberdeen Ironbirds batting - Pitching for Lowell Spinners : RHP Nherbert Silivan
|
Now at SS: Jose Molina
|
|
Batting: RHB Heihachiro Fujita
|
0-0: Ball 1-0: Swinging Strike 1-1: Foul Ball, location: 2F 1-2: Strikes out swinging
|
Batting: RHB Tim Cleary
|
0-0: Called Strike 0-1: Ball 1-1: Ball 2-1: Ground out 4-3 (Groundball, 4, EV 84.4 MPH)
|
Batting: RHB Ryan Bentz
|
0-0: Called Strike 0-1: Foul Ball, location: 2F 0-2: Strikes out swinging
|
Bottom of the 7th over - 0 runs, 0 hits, 0 errors, 0 left on base; Lowell 1 - Aberdeen 1 |
TOP OF THE 8TH |
Lowell Spinners batting - Pitching for Aberdeen Ironbirds : RHP Rich Hensley
|
Pitching: RHP Harold Price
|
|
Pinch Hitting: LHB John Buff
|
0-0: Ball 1-0: Foul Ball, location: 2F 1-1: Ground out 4-3 (Groundball, 4, EV 111.2 MPH)
|
Batting: LHB Eric Gaugler
|
0-0: Called Strike 0-1: Ball 1-1: Swinging Strike 1-2: Foul Ball, location: 2F 1-2: Strikes out looking
|
Batting: LHB Kevin Rolison
|
0-0: Called Strike 0-1: Ground out 5-3 (Groundball, 5L, EV 108.1 MPH)
|
Top of the 8th over - 0 runs, 0 hits, 0 errors, 0 left on base; Lowell 1 - Aberdeen 1 |
BOTTOM OF THE 8TH |
Aberdeen Ironbirds batting - Pitching for Lowell Spinners : RHP Nherbert Silivan
|
Pitching: LHP Anton Lara
|
|
Now at 3B: Victor Orozco
|
|
Batting: LHB Chris Barrera
|
0-0: Called Strike 0-1: Ball 1-1: Foul Ball, location: 2F 1-2: Reached on error, E4 (Groundball, 4, EV 108.8 MPH)
|
Batting: LHB Jeremy Nuzzo
|
0-0: Called Strike 0-1: Swinging Strike 0-2: Ball 1-2: Strikes out swinging
|
Pitching: LHP Jessie Leslie
|
|
Batting: RHB Graham Calvert
|
0-0: Called Strike 0-1: Called Strike 0-2: Ball 1-2: Foul Ball, location: 2F 1-2: Foul Ball, location: 2F 1-2: Foul Ball, location: 2F 1-2: Ball 2-2: Foul Ball, location: 2F 2-2: Fly out, F8 (Line Drive, 8RM, EV 89.4 MPH)
|
Batting: RHB Johnny Lowe
|
0-0: Called Strike 0-1: Ball 1-1: Foul Ball, location: 2F 1-2: Fielders Choice at 2nd, 6-4 (Groundball, 6, EV 103.1 MPH)
|
Bottom of the 8th over - 0 runs, 0 hits, 1 error, 1 left on base; Lowell 1 - Aberdeen 1 |
TOP OF THE 9TH |
Lowell Spinners batting - Pitching for Aberdeen Ironbirds : RHP Harold Price
|
Batting: LHB Danny Montoya
|
0-0: Ball 1-0: SINGLE (Flyball, 7S, EV 95.0 MPH)
|
Batting: LHB Javier Cajina
|
0-0: Ball 1-0: Foul Ball, location: 2F 1-1: Foul Ball, location: 2F 1-2: Foul Ball, location: 2F 1-2: Fielders Choice at 2nd, 4-6 (Groundball, 4, EV 79.4 MPH)
|
Batting: RHB Mike Rosa
|
0-0: Called Strike Javier Cajina steals 2nd base (no throw) 0-1: Ball 1-1: Ground out 4-3 (Groundball, 4, EV 82.5 MPH) Javier Cajina to third
|
Batting: LHB Mike Hutcheson
|
0-0: Ball 1-0: Foul Ball, location: 2F 1-1: Foul Ball, location: 2F 1-2: Foul Ball, location: 2F 1-2: Strikes out swinging
|
Top of the 9th over - 0 runs, 1 hit, 0 errors, 1 left on base; Lowell 1 - Aberdeen 1 |
BOTTOM OF THE 9TH |
Aberdeen Ironbirds batting - Pitching for Lowell Spinners : LHP Jessie Leslie
|
Pitching: LHP Ken Berger
|
|
Batting: RHB Chris McGuirk
|
0-0: Called Strike 0-1: Swinging Strike 0-2: Foul Ball, location: 2F 0-2: Foul Ball, location: 2F 0-2: Foul Ball, location: 2F 0-2: Strikes out looking
|
Pinch Hitting: SHB Shannon Britten
|
0-0: Foul Ball, location: 2F 0-1: SINGLE (Line Drive, 89M, EV 89.4 MPH)
|
Batting: RHB Heihachiro Fujita
|
0-0: Called Strike 0-1: Ball 1-1: Ball 2-1: Ball 3-1: Base on Balls Shannon Britten to second
|
Batting: RHB Tim Cleary
|
0-0: Called Strike 0-1: Ball 1-1: Bunted foul 1-2: Strikes out swinging
|
Batting: RHB Ryan Bentz
|
0-0: Foul Ball, location: 2F 0-1: Ball 1-1: Ground out 5-3 (Groundball, 56S, EV 88.8 MPH)
|
Bottom of the 9th over - 0 runs, 1 hit, 0 errors, 2 left on base; Lowell 1 - Aberdeen 1 |
TOP OF THE 10TH |
Lowell Spinners batting - Pitching for Aberdeen Ironbirds : RHP Harold Price
|
Pitching: LHP Ronnie Pickering
|
|
Now in LF: Santino Pisanello
|
|
Now in CF: Ryan Bentz
|
|
Batting: RHB Curt Stallings
|
0-0: Ball 1-0: Swinging Strike 1-1: Called Strike 1-2: Strikes out looking
|
Batting: RHB Jose Molina
|
0-0: Ball 1-0: Called Strike 1-1: Ball 2-1: Called Strike 2-2: Ball 3-2: Foul Ball, location: 2F 3-2: Strikes out swinging
|
Batting: RHB Victor Orozco
|
0-0: Ball 1-0: Called Strike 1-1: Foul Ball, location: 2F 1-2: Strikes out looking
|
Top of the 10th over - 0 runs, 0 hits, 0 errors, 0 left on base; Lowell 1 - Aberdeen 1 |
BOTTOM OF THE 10TH |
Aberdeen Ironbirds batting - Pitching for Lowell Spinners : LHP Ken Berger
|
Batting: LHB Chris Barrera
|
0-0: Called Strike 0-1: Called Strike 0-2: Foul Ball, location: 2F 0-2: SINGLE (Groundball, 5L, EV 106.9 MPH) (infield hit)
|
Batting: LHB Jeremy Nuzzo
|
0-0: Called Strike 0-1: Foul Ball, location: 2F 0-2: Ball 1-2: Foul Ball, location: 2F 1-2: Grounds into double play, U6-3 (Groundball, 4M, EV 83.1 MPH)
|
Batting: RHB Graham Calvert
|
0-0: Ball 1-0: Called Strike 1-1: Swinging Strike 1-2: Foul Ball, location: 2F 1-2: Strikes out swinging
|
Bottom of the 10th over - 0 runs, 1 hit, 0 errors, 0 left on base; Lowell 1 - Aberdeen 1 |
TOP OF THE 11TH |
Lowell Spinners batting - Pitching for Aberdeen Ironbirds : LHP Ronnie Pickering
|
Pinch Hitting: RHB Paul Long
|
0-0: SOLO HOME RUN (Flyball, 7D, EV 98.8 MPH), Distance : 398 ft
|
Batting: RHB Tony Gallegos
|
0-0: Fly out, F8 (Flyball, 8LS, EV 83.8 MPH)
|
Batting: LHB Danny Montoya
|
0-0: Ball 1-0: Ball 2-0: Ball 3-0: Called Strike 3-1: Ground out 1-3 (Groundball, 34S, EV 65.6 MPH)
|
Batting: LHB Javier Cajina
|
0-0: Ball 1-0: Ball 2-0: Ball 3-0: Base on Balls
|
Batting: RHB Mike Rosa
|
0-0: Called Strike Javier Cajina steals 2nd base 0-1: Ball 1-1: Foul Ball, location: 2F 1-2: Strikes out swinging
|
Top of the 11th over - 1 run, 1 hit, 0 errors, 1 left on base; Lowell 2 - Aberdeen 1 |
BOTTOM OF THE 11TH |
Aberdeen Ironbirds batting - Pitching for Lowell Spinners : LHP Ken Berger
|
Now in CF: Joe Booth
|
|
Batting: RHB Johnny Lowe
|
0-0: Ball 1-0: Ball 2-0: Ball 3-0: Called Strike 3-1: Ground out 5-3 (Groundball, 56, EV 103.8 MPH)
|
Batting: RHB Chris McGuirk
|
0-0: Ball 1-0: Fly out, F6 (Line Drive, 6, EV 64.4 MPH)
|
Batting: LHB Santino Pisanello
|
0-0: Swinging Strike 0-1: Ball 1-1: Foul Ball, location: 2F 1-2: Strikes out swinging
|
Bottom of the 11th over - 0 runs, 0 hits, 0 errors, 0 left on base; Lowell 2 - Aberdeen 1 |
|